 Dungeon Crawl Stone Soup version 0.31-a0-303-gdc8c9485ea (webtiles) character file.

Game seed: 10719379687434389574

122 LeprechaunX the Changeling (level 5, -4/36 HPs)
             Began as an Octopode Shapeshifter on July 17, 2023.
             Slain by an ice beast (10 damage)
             ... on level 4 of the Dungeon.
             The game lasted 00:02:06 (2016 turns).

LeprechaunX the Changeling (Octopode Shapeshifter)  Turns: 2016, Time: 00:02:08

Health: -4/36      AC:  1    Str: 17    XL:     5   Next: 6%
Magic:  5/5        EV: 13    Int: 10    God:
Gold:   186        SH:  0    Dex: 12    Spells: 4/4 levels left

rFire   . .          .
                       - Unarmed
rCold   . . .        (no shield)
rNeg    . . .        (helmet currently unavailable)
rPois   .            (no amulet)
rElec   .            (no ring)
rCorr   .            (no ring)
SInv    .            (no ring)
Will    .....        (no ring)
Stlth   ++           (no ring)
HPRegen 0.26/turn    (no ring)
MPRegen 0.09/turn    (no ring)
                     (no ring)

%: no passive effects
@: beast-form
A: beast (slay +2), almost no armour, amphibious, 8 rings, camouflage 1,
gelatinous body 1, (nimble swimmer 1), tentacles
a: Begin Untransformation


You were on level 4 of the Dungeon.
You were a hulking beast.
You visited 1 branch of the dungeon, and saw 4 of its levels.

You collected 186 gold pieces.

Inventory:

Missiles
 i - a poisoned dart (quivered)
Jewellery
 f - an amulet of faith
 k - a +6 ring of dexterity
Talismans
 b - a beast talisman
Wands
 l - a wand of flame (3)
Scrolls
 c - 5 scrolls of identify {unknown}
 h - a scroll of immolation {unknown}
 j - a scroll of blinking {unknown}
 m - 2 scrolls of revelation {unknown}
Potions
 a - 3 potions of lignification
 d - a potion of magic {unknown}
 e - 2 potions of curing {unknown}
 g - 3 potions of haste {unknown}
 n - a potion of heal wounds {unknown}


   Skills:
 + Level 2.8 Fighting
 - Level 2.0 Dodging
 * Level 3.5 Unarmed Combat
 * Level 3.8 Shapeshifting


You had 4 spell levels left.
You didn't know any spells.
Your spell library was empty.

Dungeon Overview and Level Annotations

Branches:
Dungeon (4/15)
 Temple: D:4-7

Altars:


Innate Abilities, Weirdness & Mutations

You are a hulking beast.
Your limbs bulge with bestial killing power. (Slay +2)
You cannot wear most types of armour.
You are amphibious.
You can wear up to eight rings at the same time.
Your skin changes colour to match your surroundings (Stealth+).
Your rubbery body absorbs attacks. (AC +1, EV +1)
((You are camouflaged when in or above water. (Stealth+)))
You have tentacles for arms and can constrict up to eight enemies at once.


Message History

An ice beast is nearby!
An ice beast is nearby!
There is a stone staircase leading up here.
Throw: 3 darts (poison)
Press: ? - help, Q - select action, (/) - cycle Shift-Dir - straight line, f - ice beast
Aim: an ice beast (57% to hit)
You throw a poisoned dart.
The poisoned dart barely misses the ice beast.
Throw: 2 darts (poison)
Press: ? - help, Q - select action, (/) - cycle Shift-Dir - straight line, f/p - ice beast
Aim: an ice beast (59% to hit)
You throw a poisoned dart. The poisoned dart hits the ice beast.
You tentacle-slap the ice beast.
The ice beast is lightly wounded.
The ice beast hits you. The ice beast freezes you.
You closely miss the ice beast. You squeeze the ice beast.
The ice beast is moderately wounded.
The ice beast closely misses you.
You barely miss the ice beast.
You tentacle-slap the ice beast, but do no damage.
You squeeze the ice beast!
The ice beast is heavily wounded.
The ice beast closely misses you.
You tentacle-slap the ice beast but do no damage.
The ice beast is heavily wounded.
The ice beast hits you. The ice beast freezes you!
You barely miss the ice beast. Your squeeze misses the ice beast.
The ice beast is heavily wounded.
The ice beast barely misses you.
You tentacle-slap the ice beast. Your squeeze misses the ice beast.
The ice beast is severely wounded.
The ice beast hits you. The ice beast freezes you!
* * * LOW HITPOINT WARNING * * *
You tentacle-slap the ice beast.
You squeeze the ice beast, but do no damage.
The ice beast is severely wounded.
The ice beast hits you.
* * * LOW HITPOINT WARNING * * *
The ice beast freezes you!
You die...

# ####.###.####### # #.
..#.........<.... #.#.#
#.#.#..##.#######
....###...#.[##.####### ##
#.(............[.....
####.
#..........##...#####
#....#####.<###...##...#
.......#...Y# #...##...#
#...#.#.h###...##)..#####
#.....##.................
##..#####.............####
#...# #..########.#.#
#...#####.># #.#.#
#..........# #.#.#
###.##.###.# #.#.# #.##.#
#.# #.#.#### #.##.# #.#
#......#


You could see an ice beast.

Vanquished Creatures
  A gnoll (D:1)
  6 adders
  3 worms
  A dart slug (D:2)
  An orc (D:3)
  5 endoplasms
  4 goblins
  8 hobgoblins
  2 kobolds
  4 quokkas
  3 ball pythons
  3 bats
  2 frilled lizards (D:2)
  5 rats
48 creatures vanquished.

Notes
Turn   | Place    | Note
-------+----------+-------------------------------------------
     0 | D:1      | LeprechaunX the Octopode Shapeshifter began the quest for
                  | the Orb.
     0 | D:1      | Reached XP level 1. HP: 14/14 MP: 1/1
   223 | D:1      | Reached XP level 2. HP: 19/19 MP: 2/2
   365 | D:1      | You fall into a shaft and drop 1 floor!
   644 | D:1      | Found a faded altar of an unknown god.
   654 | D:1      | Reached XP level 3. HP: 20/24 MP: 3/3
  1296 | D:2      | Reached XP level 4. HP: 30/30 MP: 4/4
  1905 | D:4      | Reached XP level 5. HP: 30/36 MP: 5/5
  2002 | D:4      | Noticed an ice beast
  2016 | D:4      | Slain by an ice beast

Illustrated notes

Levels and vault maps discovered:
D:1:      eino_arrival_tree_alley, layout_rooms,
          ebering_ecumenical_altar_sacrificial
D:2:      layout_loops_ring, minmay_misc_feat_alley, chequers_mini_garden,
          dk_vineyard_3
D:3:      layout_basic
D:4:      layout_loops_ring, kennysheep_generic_room_2

Skill      XL: |  1  2  3 |
---------------+----------+-----
Unarmed Combat | 3 |  3.5
Fighting       | |  2.8
Dodging        | |  2.0
Shapeshifting  | |  3.8

Action                     |  1- 3 |  4- 6 || total
---------------------------+-------+-------++-------
  Melee: Unarmed           |    49 |    47 ||    96
         Constrict         |    14 |    14 ||    28
         Tentacles         |     7 |    12 ||    19
         Punch             |       |     2 ||     2
  Throw: Dart              |       |     2 ||     2
   Stab: Sleeping          |     6 |     2 ||     8
 Armour: Skin              |     1 |     4 ||     5
  Dodge: Dodged            |    20 |    25 ||    45

Table legend: (Time is in decaauts)
 A = Elapsed time spent in this place.
 B = Non-inter-level travel time spent in this place.
 C = Inter-level travel time spent in this place.
 D = Time resting spent in this place.
 E = Time spent auto-exploring this place.
 F = Levels seen in this place.
 G = Mean time per level.
                   A        B        C        D        E       F      G
               +--------+--------+--------+--------+--------+-----+--------+
         Total |   2009 |   1930 |     79 |     63 |   1554 |   4 |  502.2 |
       Dungeon |   2009 |   1930 |     79 |     63 |   1554 |   4 |  502.2 |
               +--------+--------+--------+--------+--------+-----+--------+

Top non-repeatable levels by time:
     D:2: 793 daAuts
     D:1: 525 daAuts
     D:3: 495 daAuts
     D:4: 194 daAuts
